Cogmind - Beta 13 @@@ ROGUE MODE // 2024.03.31 @ 22:05:47 Player: Iris Result: Destroyed by H-55 Commando with Assault Rifle Performance ------------- Evolutions (2) 1000 Regions Visited (3) 600 Robots Destroyed (37) 185 Value Destroyed (1075) 1075 Prototype IDs (1) 20 Alien Tech Used (0) 0 Bonus (0) 0 TOTAL SCORE: 2880 Bonus ------- None Cogmind --------- Core Integrity 0/550 Matter 300/300 Energy 100/100 System Corruption 0% Temperature Cool (9) Movement Core (50) Location -8/Materials Parts ------- > --- POWER (2) -------- (None) > --- PROPULSION (2) --- (None) > --- UTILITY (4) ------ Signal Interpreter > --- WEAPON (3) ------- (None) > --- INVENTORY (5) ---- Light Treads Huge Storage Unit Targeting Computer Advanced Beam Cannon Light Assault Rifle Peak State ------------ > --- POWER ------------ Improved Ion Engine Improved Ion Engine > --- PROPULSION ------- Light Treads Light Treads > --- UTILITY ---------- Cooling System Signal Interpreter > --- WEAPON ----------- Advanced Beam Cannon Advanced Beam Cannon EMP Blaster > --- INVENTORY -------- Light Treads Huge Storage Unit Targeting Computer Advanced Beam Cannon Light Assault Rifle [Rating: 17] Favorites ----------- Power Ion Engine Engine Ion Engine Power Core Nuclear Core Propulsion Light Treads Treads Light Treads Utility Signal Interpreter Device Heat Sink Storage Huge Storage Unit Processor Signal Interpreter Weapon Advanced Beam Cannon Energy Cannon Advanced Beam Cannon Ballistic Gun Light Assault Rifle Launcher EMP Blaster Build | -11 -10 -9 -8 ------- Run | Yrd Mat Mat Mat Slots Evolved 4 | . . 2 2 Power 1 | . . 1 . Propulsion . | . . . . Utility 2 | . . . 2 Weapon 1 | . . 1 . Parts Attached 21 | 5 3 12 1 Power 6 | 1 . 4 1 Engine 5 | 1 . 4 . Core 1 | . . . 1 Reactor . | . . . . Propulsion 4 | 2 . 2 . Treads 4 | 2 . 2 . Leg . | . . . . Wheel . | . . . . Hover . | . . . . Flight . | . . . . Utility 5 | 1 2 2 . Device 2 | . . 2 . Storage 2 | 1 1 . . Processor 1 | . 1 . . Hackware . | . . . . Protection . | . . . . Artifact . | . . . . Weapon 6 | 1 1 4 . Energy Gun . | . . . . Energy Cannon 3 | . . 3 . Ballistic Gun 1 | 1 . . . Ballistic Cannon . | . . . . Launcher 2 | . 1 1 . Special Weapon . | . . . . Impact Weapon . | . . . . Slashing Weapon . | . . . . Piercing Weapon . | . . . . Special Melee Weapon . | . . . . Unidentified Prototypes 1 | . . 1 . Parts Lost 11 | . 1 1 9 Power 4 | . . 1 3 Propulsion 2 | . . . 2 Utility 1 | . . . 1 Weapon 4 | . 1 . 3 Highest Loss Streak 7 | . 1 1 7 To Critical Strikes 1 | . . . 1 Average Slot Usage (%) 89 | . 92 92 68 Engine 14 | . 14 16 11 Treads 23 | . 28 22 14 Device 4 | . . 6 8 Storage 7 | . 14 4 . Processor 10 | . 9 11 9 Energy Cannon 12 | . . 23 16 Ballistic Gun 6 | . 14 1 . Launcher 8 | . 11 6 7 Naked Turns . | . . . . Heaviest Build 97 | 11 89 97 28 Greatest Support 40 | 40 40 40 40 Greatest Overweight (x) 5 | . 2 2 5 Average Overweight (x) . | . 1 . . Largest Inventory Capacity 25 | 8 25 25 5 Average Capacity 14 | 6 20 12 5 Most Carried 5 | 4 2 5 5 Average Carried 2 | . . 3 5 Final Capacity 25 | 8 25 5 5 Final Carried 5 | . 2 5 5 Class Distribution -------------------- 49% | Mutant 33% | Gunner 16% | Scavenger-Gunner Dominant Class ---------------- Mutant | -10/Materials Gunner | -9/Materials Scavenger-Gunner | -8/Materials Resources | -11 -10 -9 -8 ----------- Run | Yrd Mat Mat Mat Matter Collected 669 | 246 120 265 38 Remotely . | . . . . Salvage Created 1210 | . 225 558 427 Parts 88 | . 19 46 23 Haulers Intercepted 2 | . 1 . 1 Recyclers Shooed . | . . . . Parts Field Recycled . | . . . . Retrieved Matter . | . . . . Parts Self-Destructed . | . . . . Prevented . | . . . . Kills | -11 -10 -9 -8 ------- Run | Yrd Mat Mat Mat Combat Hostiles Destroyed 27 | . 8 13 6 Guns 1 | . 1 . . Cannons 7 | . . 6 1 AOE 18 | . 7 7 4 Classes Destroyed 9 | . 5 2 2 Worker 2 | . 2 . . Tunneler 1 | . . . 1 Hauler 2 | . 1 . 1 Recycler 1 | . . 1 . Watcher 4 | . 2 1 1 Swarmer 7 | . 3 4 . Grunt 13 | . 5 4 4 Brawler 1 | . . . 1 Sentry 6 | . . 5 1 Best Kill Streak 9 | . 3 4 9 Combat Bots Only 4 | . 2 4 3 Max Kills in Single Turn 2 | . 2 2 2 Gunslinging . | . . . . Exploded 2 | . 2 2 1 Melee . | . . . . Uniques/NPCs Destroyed . | . . . . Combat | -11 -10 -9 -8 -------- Run | Yrd Mat Mat Mat Hostile Shots Fired 186 | . 34 41 111 Missed 54 | . 11 13 30 Damage Taken 2052 | . 441 339 1272 Core 791 | . 181 53 557 Absorbed by Shields . | . . . . Core Remaining (%) 71 | 100 27 86 . Volleys Fired 64 | . 25 27 12 Largest 3 | . 1 3 2 Hottest 204 | . 30 204 136 Shots Fired 90 | . 25 49 16 Gun 6 | . 6 . . Cannon 47 | . . 39 8 Launcher 37 | . 19 10 8 Special . | . . . . Kinetic 6 | . 6 . . Thermal 47 | . . 39 8 Explosive 19 | . 19 . . Electromagnetic 18 | . . 10 8 Robot Hit Streak 13 | . 3 8 13 Robot Miss Streak 7 | . 2 7 2 Penetration Max . | . . . . Secondary Targets . | . . . . Shots Hit Robots 35 | . 7 21 7 Core Hits 54 | . 19 17 18 Critical Kills 1 | . . . 1 Critical Parts Destroyed . | . . . . Critical Strikes 1 | . . . 1 Meltdown 1 | . . . 1 Melee Attacks . | . . . . Impact . | . . . . Slashing . | . . . . Piercing . | . . . . Sneak Attacks . | . . . . Combat Hostiles . | . . . . Follow-up Attacks . | . . . . Damage Inflicted 2269 | . 820 683 766 Guns 21 | . 21 . . Cannons 518 | . . 393 125 Explosions 1719 | . 799 284 636 Melee . | . . . . Ramming 11 | . . 6 5 Kinetic 21 | . 21 . . Thermal 729 | . . 436 293 Explosive 799 | . 799 . . Electromagnetic 709 | . . 241 468 Impact . | . . . . Slashing . | . . . . Piercing . | . . . . Highest Corruption 1 | . . 1 . Average Corruption 1 | . . 1 . Corruption Purged . | . . . . Corruption Blocked . | . . . . Effects 2 | . . 2 . Matter Fused 1 | . . 1 . Energy Discharges 1 | . . 1 . Overload Shots . | . . . . Overflow Damage 95 | . 50 . 45 Projectiles . | . . . . Explosions 95 | . 50 . 45 Melee . | . . . . Knockbacks . | . . . . Impact . | . . . . Kinetic . | . . . . Secondary . | . . . . Self-Inflicted Damage 305 | . 232 9 64 Shots 11 | . 7 2 2 Rammed 3 | . . 1 2 Targets Rammed 3 | . . 1 2 Kicked . | . . . . Crushed . | . . . . Highest Temperature 401 | . 6 401 48 Average Temperature 95 | . 2 111 15 Received Heat Transfer 705 | . 78 114 513 Siege Activations . | . . . . Robots Corrupted . | . . . . Combat Hostiles . | . . . . Parts Fried 1 | . . . 1 Impact Corruptions . | . . . . Robots Melted 1 | . . . 1 Combat Hostiles 1 | . . . 1 Parts Melted 3 | . . 2 1 Heat Transferred 1275 | . . 803 472 Parts Sabotaged . | . . . . Parts Stolen . | . . . . Parts Stripped . | . . . . Power Chain Reactions 6 | . . 2 4 Alert | -11 -10 -9 -8 ------- Run | Yrd Mat Mat Mat Peak Influence 239 | . 239 200 209 Initial 76 | . . 76 29 Average 108 | . 148 82 104 Maximum Alert Level 1 | . 1 1 1 Low Security (%) 89 | 100 79 99 83 Level 1 10 | . 20 . 16 Level 2 . | . . . . Level 3 . | . . . . Level 4 . | . . . . Level 5 . | . . . . High Security . | . . . . Max Security . | . . . . Squads Dispatched 5 | . 2 1 2 Investigation 4 | . 2 1 1 Extermination . | . . . . Reinforcement 1 | . . . 1 Assault . | . . . . Garrison . | . . . . Intercept . | . . . . Searches Triggered . | . . . . Construction Impeded . | . . . . Haulers Reinforced . | . . . . Active Scanning Responses . | . . . . Cargo Convoy Interrupts . | . . . . Stealth | -11 -10 -9 -8 --------- Run | Yrd Mat Mat Mat Distress Signals 1 | . . . 1 Communications Jammed . | . . . . Distress Signals . | . . . . Times Spotted 42 | . 12 17 13 Peak Tracking Total 6 | . 3 4 6 Tactical Retreats 1 | . 1 . . Traps | -11 -10 -9 -8 ------- Run | Yrd Mat Mat Mat Traps Triggered 3 | . 1 1 1 Indirectly 1 | . . . 1 Trap Hack Attempts . | . . . . Triggered . | . . . . Disarmed . | . . . . Reprogrammed . | . . . . Reused . | . . . . Traps Extracted . | . . . . Installed . | . . . . Triggered . | . . . . Machines | -11 -10 -9 -8 ---------- Run | Yrd Mat Mat Mat Machines Disabled 10 | . 6 3 1 Max in Single Turn 2 | . 2 1 1 Machines Repaired . | . . . . Machines Dismantled . | . . . . Machines Sabotaged . | . . . . Overloaded Fab Kills . | . . . . Hacking | -11 -10 -9 -8 --------- Run | Yrd Mat Mat Mat Machines Accessed 5 | . 2 2 1 Terminals 5 | . 2 2 1 Fabricators . | . . . . Repair Stations . | . . . . Recycling Units . | . . . . Scanalyzers . | . . . . Garrison Access . | . . . . Total Hacks 18 | . 6 9 3 Successful 11 | . 5 4 2 Failed 7 | . 1 5 1 Catastrophic 1 | . . 1 . Database Lockouts . | . . . . Manual 3 | . . 3 . Terminals 18 | . 6 9 3 Fabricators . | . . . . Repair Stations . | . . . . Recycling Units . | . . . . Scanalyzers . | . . . . Garrison Access . | . . . . Terminal Hacks 11 | . 5 4 2 Alert Level 3 | . 1 2 . Unreport Threat 2 | . 1 1 . Locate Traps 1 | . 1 . . Dispatch Records 1 | . 1 . . Security Status 1 | . . 1 . Transport Status 1 | . . . 1 Reinforcement Status 1 | . . . 1 Recall Investigation 1 | . 1 . . Fabricator Hacks . | . . . . Repair Station Hacks . | . . . . Recycling Unit Hacks . | . . . . Scanalyzer . | . . . . Garrison Access Hacks . | . . . . Unauthorized Hacks . | . . . . Terminals . | . . . . Fabricators . | . . . . Repair Stations . | . . . . Recycling Units . | . . . . Scanalyzers . | . . . . Garrison Access . | . . . . Data Cores Recovered . | . . . . Used . | . . . . Hacking Detections 4 | . 2 1 1 Full Trace Events 3 | . 1 1 1 Feedback Events . | . . . . Feedback Blocked . | . . . . Robot Schematics Acquired . | . . . . Robots Built . | . . . . Authchips . | . . . . Time . | . . . . Total Robot Build Rating . | . . . . Part Schematics Acquired . | . . . . Parts Built . | . . . . Authchips . | . . . . Time . | . . . . Total Part Build Rating . | . . . . Parts Repaired . | . . . . Time . | . . . . Parts Recycled . | . . . . Recycled Matter . | . . . . Retrieved Matter . | . . . . Retrieved Components . | . . . . Parts Scanalyzed . | . . . . Part Schematics Acquired . | . . . . Parts Damaged . | . . . . Bothacking | -11 -10 -9 -8 ------------ Run | Yrd Mat Mat Mat Used RIF Installer . | . . . . Robots Hacked . | . . . . Non-combat . | . . . . Combat . | . . . . Robot Hacks Applied . | . . . . Relay Couplers Released . | . . . . Fabnet Peak Effective % . | . . . . Robots Rewired . | . . . . Allies Hacked . | . . . . Hacks Repelled . | . . . . Allies | -11 -10 -9 -8 -------- Run | Yrd Mat Mat Mat Total Allies . | . . . . Largest Group . | . . . . Highest-Rated Group . | . . . . Highest-Rated Ally . | . . . . Total Orders . | . . . . Ally Attacks . | . . . . Total Damage . | . . . . Kills . | . . . . Allies Corrupted . | . . . . Allies Melted . | . . . . Intel | -11 -10 -9 -8 ------- Run | Yrd Mat Mat Mat Robot Analysis Total . | . . . . Derelict Logs Recovered . | . . . . Drone Launches . | . . . . Drone Recoveries . | . . . . Exploration | -11 -10 -9 -8 ------------- Run | Yrd Mat Mat Mat Turns Passed 1843 | 58 724 838 223 Spaces Moved 783 | 42 266 364 111 Core 34 | 18 . . 16 Treads 749 | 24 266 364 95 Legs . | . . . . Wheels . | . . . . Hover . | . . . . Flight . | . . . . Fastest Speed 50 | 50 160 160 100 Average Speed 205 | 112 251 196 159 Slowest Speed 320 | 160 320 320 300 Overloaded Moves . | . . . . Propulsion Burnouts . | . . . . Robots Hopped . | . . . . Cave-ins Triggered . | . . . . Exploration Rate (%) 29 | 4 56 41 17 Regions Visited 3 Branch Regions . Pre-discovered Areas . | . . . . Known Exits Taken 2 | . 1 1 . Unknown Exits Taken 1 | 1 . . . Scrap Searched . | . . . . Spaces Dug 1 | . . 1 . Terrain Destroyed 209 | . 182 6 21 Melee . | . . . . Projectile . | . . . . AOE 209 | . 182 6 21 Terrain Rammed . | . . . . Walls Destroyed . | . . . . Machines Disabled . | . . . . Actions | -11 -10 -9 -8 --------- Run | Yrd Mat Mat Mat Total 935 | 53 299 443 140 Wait 37 | . . 23 14 Move 780 | 41 265 363 111 Hop . | . . . . Pick Up 22 | 6 5 11 . Fast Attach 3 | . . 2 1 Attach 14 | 5 2 7 . Detach . | . . . . Swap 4 | . 1 3 . Drop 8 | 1 1 6 . Fire 64 | . 25 27 12 Melee . | . . . . Ram . | . . . . Kick . | . . . . Crush 3 | . . 1 2 Escape Stasis . | . . . . Rewire . | . . . . Trap . | . . . . Miscellaneous . | . . . . Route ------- -11/Scrapyard -10/Materials -9/Materials (discovered 2 exits: *Mat / *Min) -8/Materials History --------- Turn | Location | Event 3 | -11/Scrapyard | Discovered new exit (range 16) 59 | -11/Scrapyard | Entered Materials 325 | -10/Materials | Build established: Mutant 347 | -10/Materials | Discovered new exit (range 13) 663 | -10/Materials | Core integrity fell below 50% 780 | -10/Materials | Identified exit to Materials 783 | -10/Materials | Entered another Materials area 783 | -9/Materials | Evolved 2 slots: Power x1, Weapon x1 1168 | -9/Materials | Build established: Gunner 1460 | -9/Materials | Discovered new exit (range 6) 1468 | -9/Materials | Identified exit to Mines 1599 | -9/Materials | Discovered new exit (range 9) 1614 | -9/Materials | Identified exit to Materials 1621 | -9/Materials | Entered another Materials area 1621 | -8/Materials | Evolved 2 slots: Utility x2 1838 | -8/Materials | Core integrity fell below 50% 1843 | -8/Materials | Core integrity fell below 20% 1844 | -8/Materials | Destroyed by H-55 Commando with Assault Rifle Last Messages --------------- 01799_ K-01 Serf collects debris. 01799_ Acquired 10 matter. 01801_ Penetrated by Slug. 01801_ Critical hit (Destroy). 01801_ Lgt. Treads destroyed. 01802_ U-05 Engineer repairs door. 01804_ EMP Blaster destroyed. 01806_ Lgt. Treads destroyed. 01807_ U-05 Engineer builds a Wall. 01810_ Slug penetrates Wall. 01810_ Adv. Beam Cannon destroyed. 01813_ U-05 Engineer builds a Wall. 01819_ Nuclear Core destroyed. 01824_ Critical hit (Burn: +37). 01826_ Slug penetrates Wall. 01835_ Penetrated by Slug. 01835_ Cooling System destroyed. 01837_ Adv. Beam Cannon destroyed. 01841_ Penetrated by Slug. 01842_ K-01 Serf collects debris. Map ----- +----------------------------------------------------+ | ??????????????????????????????? # | | ??????????????????????????????? ## | | ?????????????????????????????????########### #? | | ???????????????? ??????????????????????????# #? | | ??????????????? ?????????????????????????# #? | | ???????????????? ?????#######???????????# #? | | ???????????????? ##### #???######### ## | | ?????????????????? [[=* #???# ] + + | | ???????????????????? ![%[!! #?### ##+##### | | ???????????????????????[[ %| #?# + """ # #? | | ?????????????????????????#!%!*[### # """ # #? | | ?????????????????????????## %%#### # """ # #? | | ??????????????????????##### % / # #? | | ??????????????????????#]] =%#"############? | | ??????????????????????#]] ^ ###! ???? | | ??????????????????????#!! Y % # """????? | | ??????????????????????#!! ! ! # """ ???? | | ??????????????????????#!! ! # """????? | | ??????????????????????#!! # ????? | | ??????????????????????##### ! # """ ???? | | ??????????????????????????######## # ] """ ???? | | ????????????????????????????????##%% # """ #??? | | ????????????????????????###?????## # #??? | | ???????????????????????## ######## #######?????? | | ???????????????????????# # ##??????????? | | ???????????????????????# @ # #########???? | | ???????????????????????# Yggh # | | ???????????????????????# """ == k | | ???????????????????????#g""" =[ # | | ???????????????????????# """ =### ########? | | ???????????????????????# #?? #???????? | | ???????????????????????#= % #?? #???????? | | ???????????????????????###########?? #???????? | | ???????????????????????????????????? #???????? | | ???????????????????????????????????? #???????? | | ????????????????????????????????????? #???????? | | ????????????????????????????????????? #???????? | | ?????????????????????????????????????? #???????? | | ?????????????????????????????????????? #???????? | | ?????????????????????????????????????????#???????? | | ?????????????????????????????????????????????????? | | ?????????????????????????????????????????????????? | | ?????????????????????????????????????????????????? | | ?????????????????????????????????????????????????? | | ?????????????????????????????????????????????????? | | ?????????????????????????????????????????????????? | | ?????????????????????????????????????????????????? | | ?????????????????????????????????????????????????? | | ?????????????????????????????????????????????????? | | ?????????????????????????????????????????????????? | +----------------------------------------------------+ Best States ------------- Heat Dissipation 53 Energy Generation 19 Energy Capacity 430 Matter Stores 300 Matter Capacity 300 Sight Range 16 Terrain Scan Density 10 Evasion (%) 50 Recoil Reduction 2 Item Schematics ----------------- None Robot Schematics ------------------ None Fabricated ------------ Nothing Alien Tech Used ----------------- None Achievements -------------- It's Just You Loot Pinata Remodeling Challenges ------------ None Game ------ Seed TransportCompactSink Manual? 0 Play Time 00:20:05 Cumulative 3.0 hours Start 2024.03.31 @ 21:32:44 End 2024.03.31 @ 22:05:47 Sessions 1 Manual Loads 0 Difficulty Rogue Special Mode None Game No. 9 Rogue 9 Adventurer 0 Explorer 0 Win Type - Total 0 Types 0/0/0/0/0/0/0/0/0 Lore% 4 Gallery% 8 Achievement% 10 Wizard Run 0 Options --------- Layout 2 ASCII 0 Keyboard 0 Movement Mouse Keybinds 0 Fullscreen 2 Font 32/SmallcapsGlow Map View 50x44 Zoom Use 0% Tactical HUD 1 Map Filters NONE Filters NONE Steam 1 RUN: de17ef8d-8c0c-412c-8234-c454060cc715